 Dungeon Crawl Stone Soup version 0.23.0 (webtiles) character file.

Game seed: 17785841655750410685

59 chequers the Slasher (level 4, 0/54 HPs)
             Began as a Barachi Berserker on Feb 19, 2019.
             Was a Believer of Trog.
             Slain by an orc priest
             ... wielding a +0 club
              (2 damage)
             ... on level 3 of the Dungeon.
             The game lasted 00:02:37 (1822 turns).

chequers the Slasher (Barachi Berserker)            Turns: 1822, Time: 00:02:37

Health: 0/54       AC:  3    Str: 24    XL:     4   Next: 3%
Magic:  0/4        EV: 12    Int:  7    God:    Trog [**....]
Gold:   115        SH:  0    Dex: 12    Spells: 3/3 levels left

rFire    . . .     SeeInvis .   a - +0 falchion
rCold    . . .     Gourm    .   (no shield)
rNeg     . . .     Faith    .   q - +0 leather armour
rPois    .         Spirit   +   (no helmet)
rElec    .         Reflect  .   (no cloak)
rCorr    .         Harm     .   (no gloves)
MR       +....                  (no boots)
Stlth    ..........             s - amulet of guardian spirit
HPRegen  0.18/turn              u - ring of protection from magic
MPRegen  0.09/turn              (no ring)

@: berserking, quick
A: +LOS, swims, slowness 1, strong legs 1
a: Hop, Berserk, Trog's Hand, Renounce Religion


You were on level 3 of the Dungeon.
You worshipped Trog.
Trog was pleased with you.
You were hungry.

You visited 1 branch of the dungeon, and saw 3 of its levels.

You collected 115 gold pieces.

Inventory:

Hand Weapons
 a - a +0 falchion (weapon)
Armour
 q - a +0 leather armour (worn)
Jewellery
 s - an amulet of guardian spirit (around neck)
 u - a ring of protection from magic (left hand)
Scrolls
 b - a scroll of amnesia {unknown}
 d - a scroll of remove curse {unknown}
 e - a scroll of fear {unknown}
 f - 2 scrolls of identify {unknown}
 g - 2 scrolls of enchant armour {unknown}
 h - a scroll of fog {unknown}
 i - a scroll of enchant weapon {unknown}
 j - a scroll of teleportation {unknown}
 k - a scroll of magic mapping {unknown}
 m - a scroll of blinking {unknown}
 n - a scroll of immolation {unknown}
Potions
 o - a potion of mutation {unknown}
 p - a potion of curing {unknown}
 r - a potion of flight {unknown}
 t - a potion of heal wounds {unknown}
 v - 2 potions of berserk rage {unknown}
Comestibles
 c - 2 rations
 l - 5 chunks of flesh


   Skills:
 - Level 3.6 Fighting
 + Level 5.8 Long Blades
 - Level 2.4 Armour
 - Level 2.1 Dodging


You had 3 spell levels left.
You didn't know any spells.
Your spell library was empty.

Dungeon Overview and Level Annotations

Branches:
Dungeon (3/15)

Altars:


Innate Abilities, Weirdness & Mutations

Shadows flee at your approach. (+LOS)
You can swim through water.
You cover ground slowly.
You can hop short distances.


Message History

The orc barely misses you.
You riposte.
You barely miss the orc.
The orc priest hits you but does no damage.
You closely miss the orc priest.
The orc priest is severely wounded.
The orc barely misses you. The orc priest hits you with a +0 club.
* * * LOW HITPOINT WARNING * * *
You closely miss the orc priest.
The orc priest is severely wounded.
The orc priest mumbles some strange prayers to Beogh against you.
Beogh smites you!
* * * LOW HITPOINT WARNING * * *
The orc hits you but does no damage.
You hear a shout!
You are too injured to fight recklessly!
You are too injured to fight recklessly!
A red film seems to cover your vision as you go berserk!
You feel yourself moving faster!
You feel mighty!
You are feeling hungry.
The orc priest hits you with a +0 club.
You die...

. ###.# )... #.#.
#### #... ..# #....
#.# #
^##.#..##.###.#####
...........o.......
#<)<.@o.>..#
#..#.#.....#
...............#
#.###.#.#.....### #
#.#.#.....#
..?.........
########.##### .#
..


You could see an orc priest and an orc.

Vanquished Creatures
  An adder (D:3)
  2 worms
  2 leopard geckos
  An orc (D:3)
  3 giant cockroaches (D:2)
  4 goblins (D:2)
  8 hobgoblins
  4 jackals (D:1)
  4 kobolds (D:2)
  3 bats
  4 frilled lizards (D:2)
  A leopard gecko zombie (D:2)
  3 rats
40 creatures vanquished.

Notes
Turn   | Place    | Note
-------+----------+-------------------------------------------
     0 | D:1      | chequers the Barachi Berserker began the quest for the Orb.
     0 | D:1      | Reached XP level 1. HP: 18/18 MP: 1/1
   182 | D:1      | Reached skill level 4 in Long Blades
   566 | D:1      | Reached XP level 2. HP: 24/24 MP: 2/2
  1055 | D:2      | Reached skill level 5 in Long Blades
  1055 | D:2      | Reached XP level 3. HP: 29/29 MP: 3/3
  1765 | D:3      | Reached ** piety under Trog
  1765 | D:3      | Reached XP level 4. HP: 36/36 MP: 4/4
  1821 | D:3      | HP: 1/36 [orc priest/divine providence (12)]
  1822 | D:3      | Slain by an orc priest

Skill      XL: |  1  2 |
---------------+-------+-----
Long Blades    | 4 5 |  5.8
Fighting       | |  3.6
Armour         | |  2.4
Dodging        | |  2.1

Action                   |  1- 3 |  4- 6 || total
-------------------------+-------+-------++-------
Melee: Falchion          |   117 |     7 ||   124
Invok: Berserk           |     4 |     1 ||     5
  Eat: Chunk             |     6 |     1 ||     7
Armor: Animal skin       |     8 |       ||     8
       Leather armour    |    14 |     2 ||    16
Dodge: Dodged            |    68 |     4 ||    72
       Rpst.: Falchion   |    15 |     3 ||    18
